 Dungeon Crawl Stone Soup version 0.26-b1-32-g5d43845318 (webtiles) character file.

Game seed: 3932371037223013291

5049 Anon1729 the Grappler (level 10, -4/71 HPs)
             Began as a Yellow Draconian Transmuter on Jan 5, 2021.
             Was a Believer of Uskayaw.
             Slain by a komodo dragon (25 damage)
             ... on level 1 of the Lair of Beasts.
             The game lasted 00:12:04 (11665 turns).

Anon1729 the Grappler (DrTm)                       Turns: 11665, Time: 00:12:05

Health: -4/71      AC:  9    Str: 19    XL:     10   Next: 30%
Magic:  8/15       EV: 13    Int: 16    God:    Uskayaw [**....]
Gold:   667        SH:  0    Dex: 20    Spells: 3/14 levels left

rFire    . . .     SeeInvis .     - Unarmed
rCold    + . .     Faith    .   (shield currently unavailable)
rNeg     . . .     Spirit   .   (armour unavailable)
rPois    +         Reflect  .   (helmet restricted)
rElec    .         Harm     .   o - +0 cloak
rCorr    +         Rampage  .   (gloves currently unavailable)
Will     .....                  q - +0 pair of boots
Stlth    ++........             p - amulet of magic regeneration
HPRegen  0.21/turn              t - +6 ring of dexterity
MPRegen  0.39/turn              z - +6 ring of strength

@: blade hands, very slightly contaminated
A: spit acid, unfitting armour, agile 1, cold resistance 1, poison resistance,
wild magic 1, cold-blooded, acid resistance, AC +7
a: Breathe Acid, End Transformation, Renounce Religion, Stomp, Line Pass


You were on level 1 of the Lair of Beasts.
You worshipped Uskayaw.
Uskayaw was noncommittal.
You had blades for hands.
You visited 3 branches of the dungeon, and saw 11 of its levels.

You collected 667 gold pieces.

Inventory:

Missiles
 I - 7 javelins
 J - 7 atropa-tipped darts
Armour
 o - a +0 cloak (worn)
 q - a +0 pair of boots (worn)
 s - a scarf of invisibility
Jewellery
 p - an amulet of magic regeneration (around neck)
 t - a +6 ring of dexterity (left scythe-like blade)
 z - a +6 ring of strength (right scythe-like blade)
 G - an uncursed ring of flight
Wands
 y - a wand of enslavement (9)
 A - a wand of digging (6)
 B - a wand of paralysis (21)
 D - a wand of iceblast (8)
 E - a wand of flame (22)
 H - a wand of disintegration (24)
Scrolls
 b - 12 scrolls of identify {unknown}
 d - 5 scrolls of magic mapping {unknown}
 e - 3 scrolls of amnesia {unknown}
 f - 9 scrolls of remove curse {unknown}
 i - 4 scrolls of noise {unknown}
 k - 2 scrolls of teleportation {unknown}
 l - a scroll of random uselessness {unknown}
 m - 2 scrolls of fog {unknown}
 n - 4 scrolls of enchant weapon {unknown}
 x - a scroll of immolation {unknown}
 C - a scroll of blinking {unknown}
 F - a scroll of enchant armour {unknown}
Potions
 a - a potion of heal wounds
 c - a potion of berserk rage {unknown}
 g - a potion of ambrosia {unknown}
 h - a potion of curing {unknown}
 j - 2 potions of flight {unknown}
 r - 5 potions of lignification {unknown}
 u - a potion of haste {unknown}
 v - 3 potions of might {unknown}
 w - 2 potions of mutation
 K - a potion of magic {unknown}


   Skills:
 - Level 1.3 Fighting
 - Level 2.2 Dodging
 - Level 0.4 Stealth
 + Level 10.0 Unarmed Combat
 - Level 2.7 Spellcasting
 + Level 9.3 Transmutations
 + Level 7.8 Invocations


You had 3 spell levels left.
You knew the following spells:

 Your Spells              Type           Power        Failure   Level
a - Beastly Appendage     Tmut           82%          16%         1
b - Wereblood             Tmut           41%          19%         2
c - Spider Form           Tmut/Pois      11%          52%         3
d - Blade Hands           Tmut           20%          58%         5

Your spell library contained the following spells:

 Spells                   Type           Power        Failure   Level
 Poisonous Vapours        Pois/Air       4%           78%         2
 Conjure Flame            Conj/Fire      2%           91%         3
 Mephitic Cloud           Conj/Pois/Air  2%           91%         3
 Ice Form                 Ice/Tmut       22%          78%         4
 Freezing Cloud           Conj/Ice/Air   1%           100%        6


Dungeon Overview and Level Annotations

Branches:
Dungeon (9/15)             Temple (1/1) D:4            Lair (1/6) D:9
    Orc: D:9-12

Altars:
Ashenzari
Cheibriados
Dithmenos
Elyvilon
Fedhas
Gozag
Hepliaklqana
Kikubaaqudgha
Makhleb
Nemelex Xobeh
Okawaru
Qazlal
Ru
Sif Muna
Trog
Uskayaw
Vehumet
Wu Jian
Xom
Yredelemnul
Zin
The Shining One
Lugonu

Portals:
Abyss: D:6

Annotations:
D:7 exclusion: downstairs
D:9 exclusion: ugly thing


Innate Abilities, Weirdness & Mutations

You can spit globs of acid.
Your golden yellow scales are hard. (AC +7)
You cannot fit into any form of body armour.
You are cold-blooded and may be slowed by cold attacks.
You are resistant to acid. (rCorr)
You are agile. (Dex +2)
Your flesh is cold resistant. (rC+)
Your system is resistant to poisons. (rPois)
Your spells are a little harder to cast, but a little more powerful.


Message History

You are too injured to fight recklessly!
You are too injured to fight recklessly!
You are too injured to fight recklessly!
You are too injured to fight recklessly!
You are too injured to fight recklessly!
You are too injured to fight recklessly!
You are too injured to fight recklessly!
You are too injured to fight recklessly!
You are too injured to fight recklessly!
You are too injured to fight recklessly!
You hit the komodo dragon.
Your tail-slap misses the komodo dragon.
The komodo dragon is severely wounded.
The komodo dragon bites you!
* * * LOW HITPOINT WARNING * * *
You can now pass through a line of other dancers.
You hit the komodo dragon.
The komodo dragon is severely wounded.
The komodo dragon bites you!!
You die...

#. #.. #... ..#
....# ..###
#...# ...P #...#
...## ##l..#
....# ####@..#
....## #$#....#
.....## ##...#.#
.....P#
##....###
......# ##...###
..#...#####....#
..#....##....###
..##....#..>##
..##.......##


You could see a komodo dragon.

Vanquished Creatures
  2 komodo dragons
  3 yaks (Lair:1)
  Eustachio (D:6)
  2 water moccasins (Lair:1)
  An orc warrior (D:6)
  3 eyes of draining
  2 ice beasts
  A phantom (D:8)
  2 ogres
  2 black bears
  A necrophage (D:7)
  3 centaurs
  2 big kobolds
  3 bullfrogs
  A gnoll sergeant (D:6)
  2 scorpions
  6 killer bees (D:7)
  9 wights
  4 howler monkeys
  A quasit (D:6)
  5 hounds
  A bullfrog skeleton (D:5)
  4 orc wizards
  2 gnoll shamans
  2 jellies
  2 iguanas
  Crazy Yiuf (D:2)
  Natasha (thrice) (D:3)
  8 worker ants
  A hound skeleton (D:7)
  A mummy (D:6)
  A howler monkey skeleton (D:5)
  14 gnolls
  4 adders
  A shadow imp (D:7)
  2 white imps
  An ufetubus (D:5)
  2 oozes
  An adder zombie (D:7)
  2 adder skeletons
  5 worms
  5 dart slugs
  4 leopard geckos
  11 orcs
  3 ball pythons
  4 giant cockroaches
  6 goblins
  7 hobgoblins
  6 jackals
  20 kobolds
  2 quokkas (D:9)
  7 bats
  5 frilled lizards
  A jackal skeleton (D:4)
  A jackal zombie (D:5)
  6 rats
  2 toadstools (D:1)
204 creatures vanquished.

Vanquished Creatures (others)
  2 fungi (D:2)
  A lurking horror (D:6)
  9 plants
  2 toadstools (D:1)
14 creatures vanquished.

Grand Total: 218 creatures vanquished

Notes
Turn   | Place    | Note
-------+----------+-------------------------------------------
     0 | D:1      | Anon1729 the Draconian Transmuter began the quest for the
                  | Orb.
     0 | D:1      | Reached XP level 1. HP: 16/16 MP: 3/3
   117 | D:1      | Reached XP level 2. HP: 23/23 MP: 5/5
   813 | D:2      | Reached XP level 3. HP: 23/28 MP: 3/6
  1194 | D:2      | Reached skill level 4 in Unarmed Combat
  1538 | D:2      | Found a runed translucent door.
  1539 | D:2      | Noticed Crazy Yiuf
  1852 | D:2      | Reached XP level 4. HP: 33/35 MP: 6/8
  1878 | D:2      | Found a sacrificial altar of Ru.
  2054 | D:2      | Learned a level 2 spell: Wereblood
  2058 | D:2      | Learned a level 3 spell: Spider Form
  2063 | D:2      | Killed Crazy Yiuf
  2811 | D:3      | Noticed Natasha
  2822 | D:3      | Killed Natasha
  2823 | D:3      | Reached XP level 5. HP: 20/40 MP: 9/9
  2929 | D:3      | Noticed Natasha
  2939 | D:3      | Killed Natasha
  3100 | D:3      | Found a bloodstained altar of Trog.
  3104 | D:3      | Noticed an eye of draining
  3108 | D:3      | Reached skill level 5 in Unarmed Combat
  3115 | D:3      | Killed an eye of draining
  3116 | D:3      | Reached XP level 6. HP: 47/47 MP: 1/10
  3279 | D:3      | Noticed Natasha
  3286 | D:3      | Killed Natasha
  3634 | D:4      | Found a hazy altar of Hepliaklqana.
  3674 | D:4      | Found an opulent altar of Gozag.
  3729 | D:4      | Found a staircase to the Ecumenical Temple.
  3787 | Temple   | Entered the Ecumenical Temple
  3792 | Temple   | Became a worshipper of Uskayaw the Reveller
  4206 | D:5      | Entered Level 5 of the Dungeon
  4209 | D:5      | Found an iron altar of Okawaru.
  4222 | D:5      | Reached * piety under Uskayaw
  4226 | D:5      | Reached ** piety under Uskayaw
  4228 | D:5      | Reached skill level 6 in Unarmed Combat
  4390 | D:5      | Your scales start taking on a golden yellow colour.
  4390 | D:5      | Reached XP level 7. HP: 34/52 MP: 11/11
  4390 | D:5      | Gained mutation: You are resistant to acid. (rCorr) [Yellow
                  | Draconian growth]
  4533 | D:5      | Learned a level 5 spell: Blade Hands
  4585 | D:5      | Found a white marble altar of Elyvilon.
  4621 | D:5      | Reached *** piety under Uskayaw
  4626 | D:5      | Reached **** piety under Uskayaw
  5433 | D:5      | Found a stormy altar of Qazlal.
  5528 | D:6      | Reached skill level 5 in Transmutations
  5649 | D:6      | Reached skill level 7 in Unarmed Combat
  5661 | D:6      | Reached skill level 1 in Invocations
  5666 | D:6      | Gained mutation: You are agile. (Dex +2) [potion of
                  | mutation]
  5666 | D:6      | Gained mutation: Your spells are a little harder to cast,
                  | but a little more powerful. [potion of mutation]
  5666 | D:6      | Gained mutation: Your flesh is cold resistant. (rC+)
                  | [potion of mutation]
  5666 | D:6      | Gained mutation: You evolve. [potion of mutation]
  5771 | D:6      | Reached XP level 8. HP: 27/59 MP: 9/12
  5985 | D:6      | Gained mutation: Your system is resistant to poisons.
                  | (rPois) [evolution]
  5985 | D:6      | Lost mutation: You evolve. [end of evolution]
  6005 | D:6      | Found a corrupted altar of Lugonu.
  6022 | D:6      | Found a one-way gate to the infinite horrors of the Abyss.
  6477 | D:6      | Found a shadowy altar of Dithmenos.
  6503 | D:6      | Noticed Eustachio
  6522 | D:6      | Killed Eustachio
  6557 | D:6      | HP: 2/59 [poisoned by Eustachio]
  7437 | D:6      | Found a sparkling altar of Nemelex Xobeh.
  7536 | D:7      | Reached skill level 8 in Unarmed Combat
  8048 | D:7      | Reached XP level 9. HP: 25/63 MP: 13/13
  8456 | D:7      | Reached skill level 5 in Invocations
  8688 | D:7      | Reached ***** piety under Uskayaw
  9279 | D:7      | Reached skill level 9 in Unarmed Combat
 10463 | D:8      | Found an ancient bone altar of Kikubaaqudgha.
 10532 | D:8      | Found a burning altar of Makhleb.
 10532 | D:8      | Noticed a blizzard demon
 10535 | D:8      | Noticed a hellwing
 10535 | D:8      | Noticed a smoke demon
 10591 | D:8      | Noticed a death knight
 11121 | D:9      | Reached XP level 10. HP: 62/71 MP: 11/15
 11183 | D:9      | Noticed a red ugly thing
 11214 | D:9      | Found a glowing silver altar of Zin.
 11231 | D:9      | Found a staircase to the Lair.
 11293 | Lair:1   | Entered Level 1 of the Lair of Beasts
 11426 | Lair:1   | Reached skill level 10 in Unarmed Combat
 11665 | Lair:1   | Slain by a komodo dragon

Illustrated notes

Levels and vault maps discovered:
D:1:      ldierk_water_garden, layout_rooms, hangedman_decor_lopped
D:2:      layout_loops_ring, nicolae_ru_path_of_blood, minmay_box_of_dots,
          uniq_crazy_yiuf_cottage
D:3:      layout_rooms, trog_eyes_of_draining, uniq_natasha
D:4:      layout_loops_ring, kennysheep_mini_moat, grunt_gozag_statues,
          minmay_temple_entry_tees, serial_bayou_lagoon_a
D:5:      layout_basic, elyvilon_altar_1, lemuel_coloured_pillars_altar,
          lemuel_round_altar
D:6:      layout_rooms, lemuel_doored_altar, marbit_many_paths,
          gup_ossuary_entry_pyramid, amcnicky_altar_lugonu_corruption,
          uniq_eustachio
D:7:      layout_basic
D:8:      layout_loops_cross, overflow_temple_1_default,
          serial_co_window_serial, co_window_of_opportunity_a,
          co_window_corner_a, co_window_paths_b, co_window_of_opportunity_a,
          co_window_paths_a, co_window_broadway_a, co_window_corner_cb,
          co_window_of_opportunity_b, co_window_broadway_b, co_window_paths_c,
          co_window_broadway_a, co_window_paths_c, glass_columns_b, st_stairs_9,
          makhleb_altar_promises_db
D:9:      layout_gridville, kennysheep_mini, david_lair_shrubbed,
          amcnicky_mini_corridor_feature, serial_park_tiny_pond
Temple:   minmay_freezing_vapour_temple
Lair:1:   layout_hall_layers

Skill      XL: |  1  2  3  4  5  6  7  8  9 10 |
---------------+-------------------------------+-----
Dodging        | 2 |  2.2
Unarmed Combat | 4 5 6 7 8 9 10 | 10.0
Transmutations | 3 4 5 7 8 9 |  9.3
Invocations    | 1 4 7 |  7.8
Fighting       | |  1.3
Stealth        | |  0.4
Spellcasting   | |  2.7

Action                   |  1- 3 |  4- 6 |  7- 9 | 10-12 || total
-------------------------+-------+-------+-------+-------++-------
Melee: Unarmed           |   151 |   152 |   339 |    39 ||   681
       Tailslap          |    18 |    12 |    39 |    11 ||    80
       Kick              |     4 |     2 |       |       ||     6
       Headbutt          |     1 |     2 |       |       ||     3
       Punch             |     1 |     2 |    10 |     3 ||    16
       Rapier            |       |       |    78 |       ||    78
 Cast: Beastly Appendage |     5 |     2 |       |       ||     7
       Spider Form       |       |     5 |     6 |       ||    11
       Blade Hands       |       |       |    12 |     4 ||    16
       Wereblood         |       |       |     2 |       ||     2
 Abil: Breathe Acid      |       |       |     5 |       ||     5
  Use: Potion            |       |       |     2 |       ||     2
 Stab: Sleeping          |     1 |     1 |     2 |       ||     4
       Paralysed         |       |       |    19 |     4 ||    23
Armor: Skin              |    44 |    54 |    91 |     4 ||   193
Dodge: Dodged            |    98 |   113 |   261 |    12 ||   484
